 Dungeon Crawl Stone Soup version 0.31.0-11-ge490571c62 (webtiles) character file.

Game seed: 13494126122509929016

205 thirtiethelement the Trooper (level 5, -8/42 HPs)
             Began as a Demonspawn Berserker on Jan 27, 2024.
             Was a Priest of Trog.
             Killed by divine providence
             ... invoked by an orc priest
              (15 damage)
             ... on level 3 of the Dungeon.
             The game lasted 00:03:39 (2105 turns).

thirtiethelement the Trooper (Demonspawn Berserker) Turns: 2105, Time: 00:03:40

Health: -8/42      AC:  8    Str: 18    XL:     5   Next: 52%
Magic:  5/5        EV: 19    Int: 10    God:    Trog [***...]
Gold:   123        SH:  0    Dex: 14    Spells: 4/4 levels left

rFire   + + .        a - +0 falchion
rCold   . . .        (no shield)
rNeg    . . .        r - +5 robe of Viashroc {rF++ Int+3}
rPois   +            (helmet restricted)
rElec   .            f - +0 cloak
rCorr   .            (no gloves)
SInv    .            (no boots)
Will    ++...        d - amulet of magic regeneration
Stlth   +            h - ring of poison resistance
HPRegen 1.27/turn    k - +5 ring of evasion
MPRegen 0.49/turn

%: no passive effects
@: strong-willed, on berserk cooldown, regenerating, slowed, very slow
A: horns 2, repulsion field 1
a: Renounce Religion, Berserk, Trog's Hand


You were on level 3 of the Dungeon.
You worshipped Trog.
Trog was most pleased with you.
You visited 1 branch of the dungeon, and saw 3 of its levels.

You collected 123 gold pieces.

Inventory:

Hand Weapons
 a - a +0 falchion (weapon)
Armour
 e - a +0 chain mail
 f - a +0 cloak (worn)
 r - the +5 robe of Viashroc (worn) {rF++ Int+3}
   (You found it on level 3 of the Dungeon)

   Int+3:     It affects your intelligence (+3).
   rF++:      It greatly protects you from fire.
Jewellery
 d - an amulet of magic regeneration (around neck)
 h - a ring of poison resistance (left hand)
 k - a +5 ring of evasion (right hand)
Scrolls
 b - 3 scrolls of vulnerability {unknown}
 g - a scroll of fog {unknown}
 j - a scroll of noise {unknown}
 n - a scroll of blinking {unknown}
 o - a scroll of acquirement {unknown}
 q - a scroll of teleportation {unknown}
Potions
 c - a potion of heal wounds {unknown}
 i - a potion of brilliance {unknown}
 l - a potion of ambrosia {unknown}
 m - a potion of curing {unknown}
 p - 2 potions of mutation {unknown}
 s - a potion of cancellation {unknown}


   Skills:
 + Level 4.1 Fighting
 + Level 4.1 Long Blades
 + Level 2.9 Armour
 + Level 2.3 Dodging
 + Level 0.2 Stealth


You had 4 spell levels left.
You didn't know any spells.
Your spell library contained the following spells:

 Spells                   Type           Power      Damage    Failure   Level
 Foxfire                  Conj/Fire      0%         2x1d4     36%         1
 Plasma Beam              Fire/Air       0%         2x1d10    100%        6
 Starburst                Conj/Fire      0%         6d3       100%        6


Dungeon Overview and Level Annotations

Branches:
Dungeon (3/15)

Altars:


Innate Abilities, Weirdness & Mutations

You have a pair of horns on your head.
You are surrounded by a mild repulsion field. (EV +2)


Message History

You hit the orc wizard but do no damage.
The orc wizard is severely wounded.
The ball python completely misses you. The ball python constricts you.
The orc wizard hits you but does no damage.
The ball python bites you but does no damage.
The ball python constricts you.
The orc priest calls down the wrath of Beogh upon you.
Beogh smites you!
* * * LOW HITPOINT WARNING * * *
The orc wizard hits you with a +0 dagger.
* * * LOW HITPOINT WARNING * * *
You hit the orc wizard.
You kill the orc wizard!
Trog accepts your kill.
Trog appreciates your killing of a magic user.
The ball python bites you but does no damage.
The ball python constricts you. The orc priest hits you with a +0 mace.
* * * LOW HITPOINT WARNING * * *
The ball python closely misses you. The ball python constricts you.
* * * LOW HITPOINT WARNING * * *
The orc priest completely misses you.
The ball python's grasp on you weakens, but your attempt to escape fails.
The ball python barely misses you. The ball python constricts you.
The orc priest misses you. The ball python completely misses you.
The ball python constricts you.
* * * LOW HITPOINT WARNING * * *
You hit the ball python. Your headbutt misses the ball python.
You punch the ball python, but do no damage.
The ball python is heavily wounded.
The ball python misses you. The ball python constricts you.
* * * LOW HITPOINT WARNING * * *
The orc priest misses you. The ball python barely misses you.
The ball python constricts you.
The orc priest hits you but does no damage.
You hit the ball python.
You kill the ball python!
Trog accepts your kill.
The orc priest mumbles some strange prayers to Beogh against you.
Beogh smites you!
You die...

...............#.≈...≈.≈.≈..§≈...
###)...........#.≈...≈≈.≈≈.§§≈§..
#)####.......).≈...≈≈_§§§§.§...
###.# #...(....§§§§§§§§≈§§..§..#
..).# #..........§§≈§§§§§§≈≈.#.#
'##############..).§..§.≈..≈..#.#
........# #)...§§§≈.≈.≈.#.#..
........# #)o....≈≈.≈≈.##.###
........# #.@...#.....###+#..
<.......# #.....###.........#
........# #.....# ##........#
........# #.....# #.........
........# #.....# #........#
######### #.....# #.......[.
####### #.......## #.......#
#.......#


You could see an orc priest.

Vanquished Creatures
  An orc priest (D:3)
  2 orc wizards (D:3)
  4 adders
  4 dart slugs
  15 orcs (D:3)
  2 endoplasms
  5 giant cockroaches
  5 goblins
  3 hobgoblins
  8 jackals
  2 quokkas (D:2)
  6 ball pythons
  5 bats
  3 frilled lizards
  2 kobolds (D:3)
  3 rats
70 creatures vanquished.

Vanquished Creatures (others)
  An orc (D:3)
1 creature vanquished.

Grand Total: 71 creatures vanquished

Notes
Turn   | Place    | Note
-------+----------+-------------------------------------------
     0 | D:1      | thirtiethelement the Demonspawn Berserker began the quest
                  | for the Orb.
     0 | D:1      | Reached XP level 1. HP: 18/18 MP: 1/1
   237 | D:1      | Gained mutation: You have a pair of small horns on your
                  | head. [demonic ancestry]
   237 | D:1      | Reached XP level 2. HP: 24/24 MP: 2/2
   683 | D:2      | Reached XP level 3. HP: 18/29 MP: 3/3
   865 | D:2      | Reached ** piety under Trog
  1115 | D:2      | Gained mutation: You have a pair of horns on your head.
                  | [demonic ancestry]
  1115 | D:2      | Reached XP level 4. HP: 36/37 MP: 4/4
  1518 | D:3      | Found a faded altar of an unknown god.
  1888 | D:3      | Identified the +5 robe of Viashroc {rF++ Int+3}
  1925 | D:3      | Reached *** piety under Trog
  2081 | D:3      | Gained mutation: You are surrounded by a mild repulsion
                  | field. (EV +2) [demonic ancestry]
  2081 | D:3      | Reached XP level 5. HP: 42/42 MP: 5/5
  2105 | D:3      | Killed from afar by an orc priest

Illustrated notes

Levels and vault maps discovered:
D:1:      psy_arrival_dodecagon, layout_loops_ring, hangedman_decor_push
D:2:      layout_basic, minmay_misc_feat_rows
D:3:      layout_basic, shapermc_ecumenical_altar_starsandcircs, grunt_decor_cap

Skill      XL: |  1  2  3  4  5 |
---------------+----------------+-----
Long Blades    | 3 4 |  4.1
Armour         | 2 |  2.9
Dodging        | 2 |  2.3
Fighting       | 4 |  4.1
Stealth        | |  0.2

Action                     |  1- 3 |  4- 6 || total
---------------------------+-------+-------++-------
  Melee: Falchion          |    93 |   106 ||   199
         Headbutt          |    12 |    15 ||    27
         Punch             |       |     3 ||     3
 Invoke: Berserk           |       |     1 ||     1
         Trog's Hand       |       |     1 ||     1
 Armour: Chain mail        |    74 |    45 ||   119
         Animal skin       |     1 |       ||     1
         Robe              |       |    44 ||    44
  Dodge: Dodged            |    91 |   115 ||   206
